cohdb
Replays
Latest Replays
All Replays
Popular Replays
Top Player Replays
Match Explorer
How It Works
Community
CoH3 Stats
Reddit
Sign in to upload your games and track your stats! →
Sign in with Steam
Match 38559225
Unlisted
Match 38559225
Overview
Messages
Build Orders
End
Construct Section Command Post
Selects Heavy Armor Battlegroup
Infantry Section
Dingo Light Scout Car
Infantry Section
Infantry Section
Construct Field Infirmary
Selects Rigorous Vehicle Training
Infantry Section
Construct Platoon Command Post
Unlock Bishop Self-propelled Artillery
Bishop Self-propelled Artillery
6-pounder Anti-tank Gun Team
Selects Crusader AA Medium Tank
Bishop Self-propelled Artillery
6-pounder Anti-tank Gun Team
Construct Company Command Post
Infantry Section
Grenade Package
AI Takeover
Michel-®
抖音呆呆河马-英3小程序
Mr.MilkMan
浪丨子
luca magno
Sombra
Celltus
LegendPistachios
0
0
Comments
sign in to comment!
No comments posted yet!